 Dungeon Crawl Stone Soup version 0.30.1-11-g7821555f0a (webtiles) character file.

Game seed: 2613083767919810585

57080 lonewolfV2 the Tortoise (level 14, -16/132 HPs)
             Began as a Minotaur Fighter on Nov 10, 2023.
             Was an Initiate of Jiyva.
             Demolished by a vault guard
             ... wielding a +0 great sword
              (31 damage)
             ... on level 14 of the Dungeon.
             The game lasted 00:38:01 (22424 turns).

lonewolfV2 the Tortoise (Minotaur Fighter)         Turns: 22424, Time: 00:38:02

Health: -16/132    AC: 32    Str: 35    XL:     14   Next: 44%
Magic:  13/13      EV: 14    Int:  7    God:    Jiyva [......]
Gold:   886        SH: 14    Dex: 17    Spells: 13/13 levels left

rFire   . . .        R - +7 flail "Worm's Wrath" {venom, rPois Str+2}
rCold   + . .        F - +0 kite shield
rNeg    + . .        J - +2 plate armour {rN+}
rPois   +            (helmet restricted)
rElec   .            H - +0 cloak
rCorr   .            j - +1 pair of gloves {Stlth+}
SInv    .            D - +2 pair of boots "Niafykh" {-Cast rF+ rC+ Dex+6}
Will    +....        v - amulet "Elezxiek" {Reflect rF- Str+2 Int+2 SH+5} Stlth
                     t - +4 ring of protection
HPRegen 0.42/turn    o - +6 ring of strength
MPRegen 0.13/turn

%: no spellcasting, reflection
@: no status effects
A: horns 2, retaliatory headbutt
a: Renounce Religion


You were on level 14 of the Dungeon.
You worshipped Jiyva.
Jiyva was noncommittal.
You visited 3 branches of the dungeon, and saw 24 of its levels.

You collected 5477 gold pieces.
You spent 202 gold pieces at shops.
You paid 4389 gold pieces to Gozag.

Inventory:

Hand Weapons
 a - a +2 war axe
 E - a +3 war axe of electrocution
 R - the +7 flail "Worm's Wrath" (weapon) {venom, rPois Str+2}
   (You found it on level 4 of the Lair of Beasts)

   Str:       It affects your strength (+2).
   rPois:     It protects you from poison.
Armour
 j - a +1 pair of gloves of stealth (worn)
 D - the +2 pair of boots "Niafykh" (worn) {-Cast rF+ rC+ Dex+6}
   (You acquired it on level 8 of the Dungeon)

   Dex:       It affects your dexterity (+6).
   rF:        It protects you from fire.
   rC:        It protects you from cold.
   -Cast:     It prevents spellcasting.
 F - a +0 kite shield (worn)
 H - a +0 cloak (worn)
 J - a +2 plate armour of positive energy (worn)
Jewellery
 k - a ring of ice
 o - a +6 ring of strength (right hand)
 t - a +4 ring of protection (left hand)
 v - the amulet "Elezxiek" (around neck) {Reflect rF- Str+2 Int+2 SH+5}
   (You found it on level 2 of the Lair of Beasts)

   [amulet of reflection]

   It reflects blocked missile attacks.
   Str:       It affects your strength (+2).
   Int:       It affects your intelligence (+2).
   rF:        It makes you vulnerable to fire.
   SH:        It affects your SH (+5).
 x - an amulet of reflection
 K - an amulet of guardian spirit
 L - a ring of wizardry
 M - a ring of protection from fire
Wands
 m - a wand of iceblast (21)
 p - a wand of paralysis (17)
 q - a wand of flame (49)
 B - a wand of acid (18)
Scrolls
 b - 2 scrolls of amnesia
 c - 11 scrolls of identify
 e - 2 scrolls of blinking
 i - a scroll of silence
 l - 7 scrolls of teleportation
 r - a scroll of fear
 u - 3 scrolls of fog
 y - 4 scrolls of magic mapping
 N - a scroll of enchant armour
 O - a scroll of summoning
Potions
 d - 5 potions of brilliance
 f - 4 potions of flight
 g - 4 potions of curing
 h - a potion of cancellation
 n - 3 potions of mutation
 s - 3 potions of berserk rage
 w - 6 potions of attraction
 z - 3 potions of might
 A - 3 potions of lignification
 C - a potion of magic
 I - 5 potions of haste
 Q - a potion of degeneration
Miscellaneous
 G - a phantom mirror


   Skills:
 - Level 14.1 Fighting
 - Level 12.7(14.4) Axes
 * Level 11.2(13.6) Maces & Flails
 - Level 18.4 Armour
 - Level 11.1 Dodging
 - Level 3.6 Shields


You had 13 spell levels left.
You didn't know any spells.
Your spell library contained the following spells:

 Spells                   Type           Power      Damage    Failure   Level
 Freeze                   Ice            0%         1d3       96%         1
 Kiss of Death            Conj/Necr      0%         2d5       96%         1
 Necrotise                Necr           0%         1d4       96%         1
 Call Canine Familiar     Summ           0%         N/A       100%        3
 Confusing Touch          Hex            0%         N/A       100%        3
 Frozen Ramparts          Ice            0%         1d1       100%        3
 Hailstorm                Conj/Ice       0%         3d3       100%        3
 Inner Flame              Hex/Fire       0%         N/A       100%        3
 Portal Projectile        Hex/Tloc       0%         N/A       100%        3
 Stone Arrow              Conj/Erth      0%         3d7       100%        3
 Tukima's Dance           Hex            0%         N/A       100%        3
 Vampiric Draining        Necr           0%         2d6       100%        3
 Anguish                  Hex/Necr       0%         N/A       100%        4
 Animate Armour           Summ/Erth      0%         N/A       100%        4
 Cause Fear               Hex            0%         N/A       100%        4
 Dispel Undead            Necr           0%         3d6       100%        4
 Flame Wave               Conj/Fire      0%         2d4       100%        4
 Ice Form                 Ice/Tmut       0%         N/A       100%        4
 Leda's Liquefaction      Hex/Erth       0%         N/A       100%        4
 Sticky Flame             Conj/Fire      0%         2d3       100%        4
 Agony                    Necr           0%         N/A       100%        5
 Blade Hands              Tmut           0%         N/A       100%        5
 Simulacrum               Ice/Necr       0%         N/A       100%        6
 Enfeeble                 Hex            0%         N/A       100%        7
 Lehudib's Crystal Spear  Conj/Erth      0%         10d2      100%        8


Dungeon Overview and Level Annotations

Branches:
Dungeon (14/15)            Temple (0/1) D:6            Lair (5/5) D:11
  Swamp (0/4) Lair:2        Snake (0/4) Lair:2        Slime (5/5) Lair:4
    Orc: D:9-12      Vaults: D:13-14

Altars:
Ashenzari
Gozag
Hepliaklqana
Makhleb
Okawaru
Sif Muna
Jiyva

Shops:
D:8 *   D:11 [   Lair:3 *   Lair:4 (

Annotations:
D:6 3 runed translucent doors, lonewolfV2's ghost, novice DsFi
Lair:1 3 runed translucent doors, laqueoix's ghost, journeyman OgGl
Slime:5 Royal Jelly


Innate Abilities, Weirdness & Mutations

You have a pair of horns on your head.
You reflexively headbutt those who attack you in melee.


Message History

You hear a shout!
You hear a shout!
The vault guard rages.
You hear a distant slurping noise.
You hear a distant slurping noise.
The vault guard hits you but does no damage.
The vault guard hits you with a +0 great sword.
* * * LOW HITPOINT WARNING * * *
You block the vault guard's attack.
The vault guard hits you with a +0 great sword.
* * * LOW HITPOINT WARNING * * *
You block the vault guard's attack.
The vault guard attacks as you move away!
The vault guard barely misses you. You block the vault guard's attack.
The vault guard closely misses you. You furiously retaliate!
You headbutt the vault guard!
There is a stone staircase leading down here.
You block the vault guard's attack.
The vault guard hits you but does no damage.
The vault guard hits you with a +0 great sword.
* * * LOW HITPOINT WARNING * * *
You climb downwards.
There is a stone staircase leading up here.
You feel better. You block the vault guard's attack. x3
You feel better. You block the vault guard's attack.
The vault guard hits you with a +0 great sword!!
* * * LOW HITPOINT WARNING * * *
The vault guard hits you with a +0 great sword!
* * * LOW HITPOINT WARNING * * *
Gozag petitions for your drink to fail. You block the vault guard's attack.
The vault guard barely misses you. You furiously retaliate!
You headbutt the vault guard! You block the vault guard's attack.
Gozag petitions for your drink to fail. You block the vault guard's attack.
The vault guard hits you but does no damage.
You block the vault guard's attack.
You feel better.
The vault guard hits you with a +0 great sword!!
You die...

###.# ....#
#...# #...#
#...# +...#
#.###+#...#####
#....W.@.......
#.....p.p......
#..............
#..............
#..............
#..............
#..............
#..#######+####


You could see 2 vault guards and a wraith.

Vanquished Creatures
  Rupert (Lair:4)
  4 hydras
  2 catoblepae (Lair:4)
  An ice dragon (Lair:5)
  2 two-headed ogres
  A boulder beetle (D:13)
  A centaur warrior (D:13)
  11 death yaks (Lair:4)
  2 skysharks
  A lindwurm (Lair:5)
  Pikel (D:4)
  An ugly thing (D:13)
  2 manticores (Lair:4)
  Maurice (D:10)
  6 elephants (Lair:3)
  3 black mambas
  2 gargoyles
  10 cane toads
  3 komodo dragons
  4 kobold demonologists
  A komodo dragon (shapeshifter) (D:13)
  4 rime drakes
  2 ice devils (Lair:2)
  A troll (D:11)
  6 hornets
  3 polar bears (Lair:5)
  16 blink frogs
  20 dream sheep
  14 spriggans (Lair:5)
  A shadow (D:11)
  3 wyverns
  25 yaks
  A wraith (D:13)
  A human (Lair:4)
  A steam dragon (D:9)
  3 vampire mosquitoes
  3 nagas (Lair:2)
  2 wargs (D:7)
  Duvessa (D:7)
  3 acid dragons
  14 water moccasins
  4 orc warriors
  A sky beast (D:8)
  5 ice beasts
  6 black bears
  9 centaurs
  3 boggarts (Lair:5)
  5 ogres
  3 phantoms
  35 wolves
  9 kobold brigands
  16 bullfrogs
  4 necrophages (Lair:2)
  5 gnoll sergeants
  3 scorpions
  Dowan (D:7)
  12 killer bees
  16 howler monkeys
  5 electric eels (Lair:2)
  13 hounds
  4 jellies
  5 orc priests
  5 gnoll boudas (D:7)
  3 iguanas (D:5)
  2 sleepcaps (D:6)
  13 orc wizards
  11 adders
  24 gnolls
  5 white imps
  An ufetubus (D:4)
  A worm (D:2)
  22 orcs
  10 ball pythons
  5 bats
  19 endoplasms
  3 giant cockroaches (D:1)
  7 goblins
  9 hobgoblins
  6 jackals
  57 kobolds
  2 quokkas (D:3)
  4 frilled lizards
  3 rats
560 creatures vanquished.

Vanquished Creatures (others)
  3 acid blobs (Slime:5)
  An azure jelly (Slime:5)
  A quicksilver ooze (Slime:5)
  18 slime creatures (Slime:5)
  A human (D:13)
  A kobold brigand (D:9)
  4 jellies
29 creatures vanquished.

Grand Total: 589 creatures vanquished

Notes
Turn   | Place    | Note
-------+----------+-------------------------------------------
     0 | D:1      | lonewolfV2 the Minotaur Fighter began the quest for the
                  | Orb.
     0 | D:1      | Reached XP level 1. HP: 19/19 MP: 0/0
   115 | D:1      | Reached XP level 2. HP: 20/28 MP: 1/1
   298 | D:1      | Reached skill level 5 in Fighting
   597 | D:2      | Reached XP level 3. HP: 36/36 MP: 2/2
   786 | D:2      | Reached XP level 4. HP: 44/44 MP: 3/3
  1690 | D:3      | Noticed a water moccasin
  1699 | D:3      | Killed a water moccasin
  1700 | D:3      | Reached XP level 5. HP: 44/53 MP: 4/4
  1812 | D:3      | Found a faded altar of an unknown god.
  1841 | D:3      | Prayed at the altar of an unknown god.
  1841 | D:3      | Became a worshipper of Gozag Ym Sagoz the Greedy
  2024 | D:3      | Found a hazy altar of Hepliaklqana.
  2176 | D:3      | Reached XP level 6. HP: 39/61 MP: 5/5
  3049 | D:4      | Noticed Pikel
  3070 | D:4      | Killed Pikel
  3071 | D:4      | Reached skill level 10 in Fighting
  3071 | D:4      | Reached XP level 7. HP: 40/73 MP: 6/6
  3730 | D:5      | Entered Level 5 of the Dungeon
  3773 | D:5      | Reached skill level 5 in Axes
  3773 | D:5      | Reached XP level 8. HP: 28/81 MP: 7/7
  4090 | D:5      | Identified the +0 scale mail "Buskyape" {Harm rC+ Str+4}
  4617 | D:5      | Found a shimmering blue altar of Sif Muna.
  5022 | D:6      | Noticed lonewolfV2's ghost (novice DsFi)
  5120 | D:6      | Noticed a manticore
  5122 | D:6      | Found a runed translucent gate.
  5123 | D:6      | Found a runed translucent gate.
  5123 | D:6      | Found a runed translucent gate.
  5154 | D:6      | Found a broken altar of Ashenzari.
  5171 | D:6      | Found a staircase to the Ecumenical Temple.
  5798 | D:6      | Reached XP level 9. HP: 87/89 MP: 8/8
  6040 | D:7      | Reached skill level 10 in Axes
  6285 | D:7      | Noticed a kobold demonologist
  6291 | D:7      | Noticed an orange demon
  6292 | D:7      | Noticed a smoke demon
  6309 | D:7      | Noticed a red devil
  6312 | D:7      | Noticed an ice devil
  6319 | D:7      | Killed a kobold demonologist
  6424 | D:7      | Reached skill level 1 in Dodging
  6923 | D:7      | Reached XP level 10. HP: 95/95 MP: 9/9
  7140 | D:7      | Reached skill level 5 in Dodging
  7580 | D:7      | Noticed Dowan
  7583 | D:7      | Noticed Duvessa
  7590 | D:7      | Killed Duvessa
  7594 | D:7      | Killed Dowan
  7684 | D:7      | Found a burning altar of Makhleb.
  7684 | D:7      | Noticed a green death
  8686 | D:8      | Found an iron altar of Okawaru.
  8854 | D:8      | Bought a runed war axe for 175 gold pieces
  8855 | D:8      | Bought a scroll labelled FASAEQAIHEA for 27 gold pieces
  8855 | D:8      | Identified a scroll of acquirement
  8855 | D:8      | Acquired the +2 pair of boots "Niafykh" {-Cast rF+ rC+
                  | Dex+6}
  9312 | D:9      | Reached skill level 10 in Dodging
 10146 | D:10     | Entered Level 10 of the Dungeon
 10762 | D:10     | Noticed a gargoyle
 10776 | D:10     | Killed a gargoyle
 10777 | D:10     | Reached XP level 11. HP: 98/102 MP: 10/10
 10820 | D:10     | Noticed Maurice
 10832 | D:10     | Killed Maurice
 10833 | D:10     | Reached skill level 4 in Armour
 11096 | D:11     | Reached skill level 5 in Armour
 11118 | D:11     | Reached skill level 6 in Armour
 11395 | D:11     | Found a staircase to the Lair.
 11411 | D:11     | Noticed a two-headed ogre
 11420 | D:11     | Killed a two-headed ogre
 11421 | D:11     | Reached skill level 7 in Armour
 11504 | D:11     | Noticed a sun demon
 11938 | D:11     | Reached skill level 8 in Armour
 12250 | D:11     | Reached skill level 9 in Armour
 12483 | Lair:1   | Entered Level 1 of the Lair of Beasts
 12504 | Lair:1   | Reached skill level 10 in Armour
 12518 | Lair:1   | Reached skill level 11 in Armour
 12520 | Lair:1   | Found a runed translucent gate.
 12521 | Lair:1   | Found a runed translucent gate.
 12522 | Lair:1   | Found a runed translucent gate.
 12725 | Lair:1   | Reached skill level 12 in Armour
 12877 | Lair:1   | Reached XP level 12. HP: 86/110 MP: 11/11
 13022 | Lair:1   | Noticed laqueoix's ghost (journeyman OgGl)
 13282 | Lair:2   | Found a staircase to the Swamp.
 13689 | Lair:2   | Reached skill level 13 in Armour
 13689 | Lair:2   | Noticed a six-headed hydra
 13699 | Lair:2   | Killed an 11-headed hydra
 13902 | Lair:2   | Reached skill level 14 in Armour
 14355 | Lair:2   | Identified the amulet "Elezxiek" {Reflect rF- Str+2 Int+2
                  | SH+5}
 14455 | Lair:2   | Found a staircase to the Snake Pit.
 14825 | Lair:3   | Reached skill level 15 in Armour
 15002 | Lair:3   | Reached skill level 16 in Armour
 15334 | Lair:4   | Noticed a catoblepas
 15334 | Lair:4   | Noticed a catoblepas
 15345 | Lair:4   | Reached skill level 17 in Armour
 15345 | Lair:4   | Killed a catoblepas
 15346 | Lair:4   | Reached XP level 13. HP: 52/116 MP: 12/12
 16211 | Lair:4   | Reached skill level 18 in Armour
 16629 | Lair:4   | Found a runed translucent door.
 16632 | Lair:4   | Found a viscous altar of Jiyva.
 16726 | Lair:4   | Found a staircase to the Slime Pits.
 17057 | Lair:4   | Found a runed translucent door.
 17644 | Lair:4   | Noticed Rupert
 17657 | Lair:4   | Killed Rupert
 17660 | Lair:4   | Identified the +7 flail "Worm's Wrath" {venom, rPois Str+2}
 17752 | Lair:5   | Entered Level 5 of the Lair of Beasts
 17773 | Lair:5   | Reached skill level 1 in Maces & Flails
 17938 | Lair:5   | Reached skill level 5 in Maces & Flails
 18239 | Lair:5   | Reached XP level 14. HP: 101/132 MP: 13/13
 19193 | Lair:5   | Identified the +3 scale mail of the Armoured One {Str+3}
 19457 | Lair:5   | Reached skill level 10 in Maces & Flails
 19737 | Lair:4   | Fell from the grace of Gozag
 19737 | Lair:4   | Became a worshipper of Jiyva Jenaada the Shapeless
 19741 | Slime:1  | Entered Level 1 of the Pits of Slime
 19743 | Slime:1  | Noticed an acid blob
 19780 | Slime:1  | Noticed an acid blob
 19850 | Slime:2  | Noticed a rockslime
 19966 | Slime:3  | Noticed a quicksilver ooze
 20027 | Slime:3  | Noticed a rockslime
 20039 | Slime:3  | Noticed an acid blob
 20071 | Slime:4  | Noticed an azure jelly
 20088 | Slime:4  | Noticed a quicksilver ooze
 20164 | Slime:4  | Noticed a quicksilver ooze
 20216 | Slime:4  | Noticed a rockslime
 20367 | Slime:4  | Noticed an acid blob
 20404 | Slime:4  | Noticed a rockslime
 20488 | Slime:5  | Entered Level 5 of the Pits of Slime
 20499 | Slime:5  | Noticed an acid blob
 20511 | Slime:5  | Noticed a quicksilver ooze
 20544 | Slime:5  | Noticed a quicksilver ooze
 20582 | Slime:5  | Noticed an azure jelly
 20583 | Slime:5  | Noticed a quicksilver ooze
 20584 | Slime:5  | Noticed an acid blob
 20587 | Slime:5  | Noticed a rockslime
 20588 | Slime:5  | Noticed the Royal Jelly
 20592 | Slime:5  | Noticed an acid blob
 20592 | Slime:5  | Noticed a quicksilver ooze
 20592 | Slime:5  | Noticed an azure jelly
 20624 | Slime:5  | Noticed a quicksilver ooze
 20627 | Slime:5  | Noticed an acid blob
 20638 | Slime:5  | Noticed an azure jelly
 20662 | Slime:5  | Noticed an acid blob
 20684 | Slime:5  | Found a viscous altar of Jiyva.
 20734 | Slime:5  | Found the +8 Vampire's Tooth {megavamp}
 20763 | Slime:5  | Noticed an acid blob
 20924 | Slime:5  | Killed an acid blob
 20928 | Slime:5  | Killed an azure jelly
 20928 | Slime:5  | Killed a quicksilver ooze
 20929 | Slime:5  | Killed an acid blob
 20933 | Slime:5  | Killed an acid blob
 21105 | Slime:3  | Noticed an acid blob
 21105 | Slime:3  | Noticed an acid blob
 21473 | Slime:2  | Noticed a rockslime
 22075 | D:12     | You fall into a shaft and drop 1 floor!
 22421 | D:14     | HP: 4/132 [vault guard/+0 great sword (7)]
 22424 | D:14     | Demolished by a vault guard

Illustrated notes

Levels and vault maps discovered:
D:1:      mrwooster_arrival_statue_2, layout_basic,
          chequers_serial_rivers_room_b, grunt_decor_junction,
          minmay_misc_feat_four_crosses, minmay_3d_cube
D:2:      layout_basic, serial_forest, infiniplex_forest_corner_1,
          infiniplex_forest_diagonal, infiniplex_forest_clump_large,
          infiniplex_forest_end_2, infiniplex_forest_clump_medium,
          infiniplex_forest_straight_5, infiniplex_forest_corner_1
D:3:      cheibrodos_fertilizer, layout_basic,
          worldfamousw_hep_ancestral_shrine, dreamdust_ecumenical_altar_grove
D:4:      layout_basic, uniq_pikel
D:5:      layout_cave_pools, nicolae_sif_muna_condensation,
          kennysheep_small_spiral
D:6:      layout_loops_corners, nicolae_ashenzari_skybound, temple_pool_b,
          gammafunk_ghost_split
D:7:      lemuel_castle_with_subvaults [lemuel_castle_interior_carwin_2],
          layout_cave_pods, makhleb_altar_promises_db, uniq_duvessa
D:8:      layout_basic, okawaru_altar_gauntlet_db
D:9:      layout_long_grid, serial_rivers, chequers_serial_rivers_micro_c,
          chequers_serial_rivers_micro_c, chequers_serial_rivers_small_b,
          chequers_serial_rivers_small_3, chequers_serial_rivers_small_a,
          chequers_serial_rivers_micro_a, minmay_diced_spiral
D:10:     layout_roguey, uniq_maurice
D:11:     layout_roguey, hellmonk_lair_entry_icy, kennysheep_dice
D:12:     layout_grid_maze, orc_0_dummy
D:13:     layout_rooms, ximxim_vaults_locker_room, gammafunk_ghost_spectres,
          special_room [special_room_orc]
D:14:     layout_irregular_city, minmay_strange_pillars
Lair:1:   layout_chaotic_city, gammafunk_ghost_icy
Lair:2:   layout_gridlike, minmay_swamp_entry_eels, nicolae_snake_entry_squirm,
          portal_ice_cave_demonic_guard, nicolae_quartered_pool_medium,
          roderic_carrion_pond, lemuel_fruit_tree, grunt_megastairs_4
Lair:3:   layout_cave_shapes
Lair:4:   nzn_motion_control, layout_cave_pods, slime_entry_2,
          pdpol_lair_cabin_in_the_woods
Lair:5:   minmay_lair_end_enchanted_forest, layout_gridlike,
          bobbens_ice_dragon_lair
Slime:1:  layout_caves
Slime:2:  layout_caves
Slime:3:  layout_caves
Slime:4:  layout_caves, nicolae_slime_phagocytosis
Slime:5

Skill      XL: |  1  2  3  4  5  6  7  8  9 10 11 12 13 14 |
---------------+-------------------------------------------+-----
Fighting       | 4 5 6 7 8 10 11 14 | 14.1
Axes           | 5 9 12 | 12.7
Dodging        | 4 11 | 11.1
Armour         | 12 17 18 | 18.4
Maces & Flails | 6 11 | 11.2
Shields        | |  3.6

Action                     |  1- 3 |  4- 6 |  7- 9 | 10-12 | 13-15 || total
---------------------------+-------+-------+-------+-------+-------++-------
  Melee: War axe           |    60 |   124 |   246 |   569 |   114 ||  1113
         Headbutt          |     4 |    16 |    38 |   111 |    95 ||   264
         Flail             |       |       |       |       |   290 ||   290
 Invoke: Call Merchant     |       |       |       |     3 |     1 ||     4
         Potion Petition   |       |       |       |       |     3 ||     3
  Evoke: Wand              |       |       |       |       |     2 ||     2
    Use: Scroll            |     1 |     8 |    10 |    11 |     3 ||    33
         Potion            |       |       |     1 |     4 |    10 ||    15
   Stab: Distracted        |       |     1 |       |     4 |     5 ||    10
 Armour: Scale mail        |    31 |    67 |    43 |       |       ||   141
         Chain mail        |       |       |   118 |   103 |       ||   221
         Plate armour      |       |       |       |   226 |   258 ||   484
  Dodge: Dodged            |    42 |    72 |   118 |   304 |   214 ||   750
  Block: Buckler           |    19 |    24 |    46 |    76 |       ||   165
         Kite shield       |       |       |       |   340 |   390 ||   730
         Reflection        |       |       |       |    19 |     2 ||    21
